 Dungeon Crawl Stone Soup version 0.21.0 (webtiles) character file.

1241663 Capnfrog the Axe Maniac (level 27, -46/277 HPs)
             Began as a Deep Dwarf Fighter on May 14, 2018.
             Was the Champion of Makhleb.
             Killed from afar by an orb of fire (98 damage)
             ... with a bolt of fire
             ... on level 5 of the Realm of Zot on May 15, 2018.
             The game lasted 09:49:14 (90717 turns).

Capnfrog the Axe Maniac (Deep Dwarf Fighter)       Turns: 90717, Time: 09:49:15

Health: -46/277    AC: 38    Str: 37 (38) XL:     27
Magic:  27/27      EV: 37    Int: 16      God:    Makhleb [******]
Gold:   11426      SH: 45    Dex: 30      Spells: 3/64 levels left

rFire    x . .     SeeInvis .   P - +9 broad axe (chop)
rCold    + + .     Gourm    .   G - +8 large shield
rNeg     + + +     Faith    .   V - +5 scale mail of Maun {rF- Str+8 Dex+4 Stlth+}
rPois    +         Spirit   .   q - +5 helmet "Gulutod" {rC+ Int+4}
rElec    +         Reflect  +   A - +2 cloak of Dorisiet {rElec rC- rCorr}
rCorr    +         Harm     .   Y - +3 pair of gauntlets of War {Slay+5}
MR       +++++                  l - +2 pair of boots of Baldness {rPois Dex+6}
Stlth    +++++++++.             U - amulet of Moutsy {Reflect rC- Str+4 Dex+4 SH+6}
HPRegen  0.00/turn              k - ring "Efferu" {rPois rN+ Int+2 Dex+4}
MPRegen  0.20/turn              X - ring "Pojawih" {rC+++ rN+ MR++ Str-2}

@: non-regenerating
A: damage resistance, heal wounds, rugged brown scales 1, blink, blurry vision
1, deterioration 1, frail 1, negative energy resistance 1, sense surroundings 3,
shaggy fur 1, weak 2, MP-powered wands, no regeneration
}: 10/15 runes: decaying, serpentine, slimy, silver, golden, iron, obsidian,
icy, bone, abyssal
a: Heal Wounds, Blink, Minor Destruction, Lesser Servant of Makhleb, Major
Destruction, Greater Servant of Makhleb, Renounce Religion


You were on level 5 of the Realm of Zot.
You worshipped Makhleb.
Makhleb was exalted by your worship.
You were not hungry.

You visited 17 branches of the dungeon, and saw 89 of its levels.
You visited the Abyss 2 times.
You visited 1 ziggurat, and saw 14 of its levels.
You also visited: Sewer, Ossuary, Ice Cave and Desolation.

You collected 13557 gold pieces.
You spent 2131 gold pieces at shops.

Inventory:

Hand Weapons
 P - a +9 broad axe of chopping (weapon)
Armour
 a - the +5 plate armour of Elyvilon's Reproof {rN+}
   (You acquired it on level 4 of the Realm of Zot)

   It protects you from negative energy.
 l - the +2 pair of boots of Baldness (worn) {rPois Dex+6}
   (You found it on level 13 of a ziggurat)

   It affects your dexterity (+6).
   It protects you from poison.
 q - the +5 helmet "Gulutod" (worn) {rC+ Int+4}
   (You found it on level 3 of the Realm of Zot)

   It affects your intelligence (+4).
   It protects you from cold.
 A - the +2 cloak of Dorisiet (worn) {rElec rC- rCorr}
   (You bought it in a shop on level 2 of the Vaults)

   It makes you vulnerable to cold.
   It insulates you from electricity.
   It protects you from acid and corrosion.
 G - a +8 large shield (worn)
 V - the +5 scale mail of Maun (worn) {rF- Str+8 Dex+4 Stlth+}
   (You found it on level 1 of the Lair of Beasts)

   It affects your strength (+8).
   It affects your dexterity (+4).
   It makes you vulnerable to fire.
   It makes you more stealthy.
 Y - the +3 pair of gauntlets of War (worn) {Slay+5}
   (You found it on level 12 of a ziggurat)

   It affects your accuracy and damage with ranged weapons and melee attacks
   (+5).
Jewellery
 c - a +6 ring of slaying
 k - the ring "Efferu" (left hand) {rPois rN+ Int+2 Dex+4}
   (You found it on level 6 of a ziggurat)

   [ring of positive energy]

   It affects your intelligence (+2).
   It affects your dexterity (+4).
   It protects you from poison.
   It protects you from negative energy.
 B - the ring "Nupsoqul" {Wiz rF+ Stlth+, unknown}
   (You found it on level 3 of the Realm of Zot)

   [ring of wizardry]

   It improves your spell success rate.
   It protects you from fire.
   It makes you more stealthy.
 K - an uncursed ring of see invisible
 U - the amulet of Moutsy (around neck) {Reflect rC- Str+4 Dex+4 SH+6}
   (You found it on level 9 of a ziggurat)

   [amulet of reflection]

   It shields you and reflects attacks.
   It affects your strength (+4).
   It affects your dexterity (+4).
   It makes you vulnerable to cold.
   It affects your SH (+6).
 X - the ring "Pojawih" (right hand) {rC+++ rN+ MR++ Str-2}
   (You found it in the Desolation of Salt)

   [ring of positive energy]

   It affects your strength (-2).
   It renders you almost immune to cold.
   It protects you from negative energy.
   It affects your resistance to hostile enchantments.
Wands
 i - a wand of disintegration (12)
 o - a wand of acid (21)
 w - a wand of enslavement (9)
 y - a wand of flame (216)
 z - a wand of paralysis (29)
 E - a wand of iceblast (56)
 I - a wand of digging (56)
 M - a wand of polymorph (12)
 O - a wand of scattershot (5)
 Q - a wand of random effects (25)
Scrolls
 b - 6 scrolls of teleportation
 d - 2 scrolls of blinking
 h - 17 scrolls of fog
 j - a scroll of summoning
 m - 25 scrolls of remove curse
 p - 5 scrolls of magic mapping
 u - 13 scrolls of amnesia
 v - 2 scrolls of enchant weapon
 x - 5 scrolls of silence
 D - 2 scrolls of fear
 F - a scroll of holy word
 L - a scroll of identify
 N - 4 scrolls of brand weapon
 R - 6 scrolls of vulnerability
 W - 2 scrolls of enchant armour
Potions
 e - 10 potions of brilliance
 g - 11 potions of lignification
 n - 16 potions of flight
 r - a potion of haste
 s - 2 potions of ambrosia
 t - a potion of invisibility
 C - a potion of resistance
 H - 5 potions of mutation
 S - 7 potions of cancellation
 T - 5 potions of magic
 Z - 4 potions of might
Miscellaneous
 J - a lamp of fire
Comestibles
 f - 71 rations


   Skills:
 O Level 27 Fighting
 O Level 27 Axes
   Level 13.7(21.0) Maces & Flails
 - Level 0.5 Throwing
 - Level 20.4 Armour
 O Level 27 Dodging
 O Level 27 Stealth
 O Level 27 Shields
 - Level 0.6 Unarmed Combat
 - Level 19.4 Spellcasting
 - Level 12.9 Conjurations
 - Level 0.6 Hexes
 - Level 0.6 Charms
 - Level 13.8 Summonings
 * Level 15.3 Translocations
 - Level 0.7 Transmutations
 - Level 0.9 Fire Magic
 - Level 0.9 Ice Magic
 - Level 0.4 Air Magic
 - Level 1.2 Earth Magic
 * Level 22.6 Invocations
 * Level 22.4 Evocations


You had 3 spell levels left.
You knew the following spells:

 Your Spells              Type           Power        Failure   Level  Hunger
a - Swiftness             Chrm/Air       ###.....     6%          2    None
b - Blink                 Tloc           N/A          0%          2    None
c - Infusion              Chrm           ###.         3%          1    None
d - Passwall              Tmut/Erth      ###.......   4%          2    None
e - Invisibility          Hex            ###.....     99%         6    #####..
f - Ring of Flames        Chrm/Fire      ###.......   100%        7    ######.
g - Shatter               Erth           ###.......   100%        9    #######
h - Deflect Missiles      Chrm/Air       ###.......   99%         6    #####..
i - Ignition              Fire           ###.......   100%        8    #######
j - Darkness              Hex            ###.......   99%         6    #####..
k - Freezing Cloud        Conj/Ice/Air   ####......   71%         6    #####..
l - Silence               Hex/Air        ###.......   73%         5    ###....
m - Summon Butterflies    Summ           ######..     0%          1    None


Dungeon Overview and Level Annotations

Branches:
Dungeon (15/15)            Temple (0/1) D:4            Lair (6/6) D:10
  Swamp (4/4) Lair:3        Snake (4/4) Lair:4        Slime (5/5) Lair:6
    Orc (2/2) D:12            Elf (3/3) Orc:2        Vaults (5/5) D:13
  Crypt (3/3) Vaults:3       Tomb (3/3) Crypt:3      Depths (5/5) D:15
   Hell (1/1)                 Dis (7/7) Hell            Geh (7/7) Hell
    Coc (7/7) Hell            Tar (7/7) Hell            Zot (5/5) Depths:5

Altars:
Ashenzari
Cheibriados
Fedhas
Kikubaaqudgha
Makhleb
Okawaru
Qazlal
Trog
Uskayaw
Xom
Yredelemnul
Beogh
Jiyva

Shops:
D:12 %   D:15 (?}   Orc:2 %*[(   Elf:1 (   Snake:4 %   Vaults:1 *
Vaults:2 [}[=*   Vaults:3 =%   Zot:2 *   Depths:3 *==}   Depths:4 *

Portals:
Hell: Depths:1 Depths:2 Depths:3 Depths:4 Depths:5
Abyss: Depths:4 Depths:5
Pandemonium: Depths:3
Ziggurat: Depths:3
Trove: Vaults:2 (give +4 fire dragon scales)

Annotations:
Lair:6 exclusions: ice statue and oklob plant


Innate Abilities, Weirdness & Mutations

You are resistant to damage.
You can heal yourself by infusing magical energy.
You resist negative energy. (rN+)
You passively map a large area around you.
You do not regenerate.
You are partially covered in rugged brown scales. (AC +1, +3% HP)
You can translocate small distances at will.
Scrolls take you a little longer to read.
Your body sometimes deteriorates upon taking damage.
You are frail. (-10% HP)
You are covered in fur. (AC +1)
You are very weak. (Str -4)
You expend magic power (3 MP) to strengthen your wands.


Message History

The balrug gestures at you. Something smites you!
You miss the orb of fire.
The orb of fire is lightly damaged.
You hit something but do no damage.
You slash the purple draconian scorcher!
You closely miss the green draconian monk.
You slash the Orb Guardian! You block the Orb Guardian's attack.
The orb of fire glows bright magenta.
The bolt of fire hits you! The fire burns you terribly!
* * * LOW HITPOINT WARNING * * *
You block the green draconian monk's attack. x3
The green draconian monk tail-slaps you but does no damage.
The purple draconian scorcher completely misses you.
A Killer Klown comes into view.
You feel much better. You block the Orb Guardian's attack.
Something touches you but does no damage.
The orb of fire glows yellow.
The bolt of fire hits you! The fire burns you terribly!
You die...

................ , , ,
▓...............p... *
▓▓..................
▓▓................... ,,*, ,
▓.................... , ,
........†).....D..... ,
*........[...dp.......,,
▓...........*Xq2.....,
▓▓....8..§.2.@.......*
▓▓.........q.....▓▓▓
▓▓.....##▓▓▓▓▓▓▓▓▓▓▓#
#......)..(.........###
*#................##....##
#.............)^...###...#####
....................###...)...
.(............^.^...# ##......
....................# #......


You could see an orb of fire, 2 Killer Klowns, an electric golem, a green
draconian monk, a white draconian, a quicksilver dragon, a hell beast, an Orb
Guardian, a purple draconian scorcher and a balrug.

Vanquished Creatures
  Asmodeus (Geh:7)
  Antaeus (Coc:7)
  the Royal Jelly (Slime:5)
  Ereshkigal (Tar:7)
  the Serpent of Hell (Coc:7)
  Dispater (Dis:7)
  Khufu (Tomb:3)
  Mennas (Depths:5)
  4 orbs of fire
  7 ancient liches
  Sojobo (Depths:5)
  11 greater mummies
  Bai Suzhen (Depths:3)
  Margery (Vaults:2)
  23 shard shrikes
  Saint Roka (Snake:4)
  Frederick (Vaults:2)
  4 caustic shrikes
  2 Killer Klowns
  Xtahua (Depths:5)
  5 curse toes
  Geryon (Hell)
  18 golden dragons
  Jory (Depths:3)
  A profane servitor (Zig:14)
  Nikola (Swamp:2)
  57 Tzitzimimeh
  22 bone dragons
  Jorgrun (Depths:4)
  The ghost of dipablo the Warrior, an adept MiFi of Okawaru (Elf:3)
  17 doom hounds
  7 iron giants
  21 Ice Fiends
  10 Hell Sentinels
  3 electric golems
  10 liches
  26 Brimstone Fiends
  9 Orb Guardians (Zot:5)
  23 tentacled monstrosities
  4 hellephants
  Asterion (Elf:1)
  4 quicksilver dragons
  2 deep elf blademasters (Elf:3)
  2 deep elf master archers (Elf:3)
  18 acid blobs
  5 titans (Vaults:5)
  10 tentacled starspawn
  16 sphinxes
  4 thorn hunters
  35 ancient champions
  9 eldritch tentacles
  7 Executioners
  13 death cobs
  Agnes (Snake:1)
  8 draconian monks
  23 storm dragons
  14 nagarajas
  12 shadow dragons
  7 tengu reavers
  17 azure jellies
  Roxanne (Elf:1)
  2 orc warlords
  15 fire giants
  9 draconian scorchers
  11 revenants
  16 frost giants
  3 imperial myrmidons (Desolation)
  11 draconian knights
  30 balrugs
  5 ghost moths
  The ghost of loopi the Fighter, an adept KoWn of Okawaru (D:15)
  14 vault wardens
  6 iron dragons
  11 deep elf sorcerers
  5 cacodemons
  2 ghouls (Crypt:3)
  An angel (Abyss:3)
  12 ironheart preservers
  Louise (Snake:1)
  11 draconian stormcallers
  4 spriggan defenders
  8 draconian shifters
  3 deep elf elementalists
  5 curse skulls
  17 war gargoyles
  106 reapers
  A caustic shrike skeleton (Crypt:2)
  11 draconian annihilators
  20 stone giants
  3 elemental wellsprings (Coc:7)
  A juggernaut skeleton (Zig:13)
  31 very ugly things
  15 green draconians
  29 vampire knights
  7 deep elf demonologists
  12 bennus
  3 lorocyprocas
  7 deep elf annihilators
  The ghost of Capnfrog the Earth Mage, a journeyman GrEE of Okawaru (D:14)
  13 black draconians
  12 red draconians
  The ghost of Capnfrog the Severer, a journeyman HOFi of Okawaru (D:12)
  4 dire elephants
  2 halazid warlocks (Desolation)
  A spark wasp (Depths:2)
  12 purple draconians
  Snorg (Lair:5)
  12 yellow draconians
  12 white draconians
  19 blizzard demons
  11 fire dragons
  3 green deaths
  Josephine (D:10)
  2 crystal guardians (Desolation)
  17 deep elf death magi
  6 eidola
  21 mummy priests
  11 quicksilver dragon zombies
  2 spectral krakens (Tar:7)
  8 death oozes
  20 ettins
  10 ragged hierophants (Desolation)
  8 ogre magi
  A kraken zombie (Coc:1)
  43 ice dragons
  12 jiangshi
  5 deep elf high priests
  7 rakshasas
  14 great orbs of eyes
  25 yaktaur captains
  Fannar (D:10)
  4 servants of whispers (Desolation)
  3 peacekeepers (Desolation)
  5 ghost crabs
  9 quicksilver dragon skeletons
  A hell beast (Dis:7)
  9 naga warriors
  42 vault guards
  31 hydras
  6 spriggan air magi
  13 anacondas
  19 death yaks
  7 centaur warriors
  An anaconda (shapeshifter) (Vaults:5)
  30 two-headed ogres
  A death knight (Vaults:1)
  A two-headed ogre (shapeshifter) (Depths:5)
  32 dancing weapons
  13 alligators
  A death yak (shapeshifter) (Vaults:5)
  9 deep troll earth magi
  13 deep troll shamans
  29 hell hogs
  10 death scarabs
  4 orc high priests
  3 tengu warriors
  5 naga sharpshooters
  15 titan zombies
  11 vampire magi
  6 shock serpents
  15 thrashing horrors
  12 spriggan berserkers
  33 soul eaters
  8 iron golems
  12 storm dragon zombies
  28 sun demons
  62 hell knights
  2 sixfirhies (Abyss:1)
  21 deep elf knights
  13 titan skeletons
  A spatial maelstrom (Abyss:5)
  An iron troll (shapeshifter) (Vaults:5)
  8 wretched stars
  An iron giant zombie (Crypt:2)
  A fire crab (shapeshifter) (Vaults:2)
  227 skeletal warriors
  4 salamander mystics
  13 golden dragon zombies
  14 shadow wraiths
  10 iron trolls
  20 starcursed masses
  A spriggan druid (Swamp:3)
  3 unseen horrors
  38 deep trolls
  20 anaconda zombies
  A spark wasp zombie (Depths:1)
  2 death drakes
  3 glowing orange brains
  A glowing orange brain (shapeshifter) (Vaults:5)
  35 shadow demons
  A ghost moth zombie (Dis:2)
  A kraken simulacrum (Coc:2)
  5 storm dragon skeletons
  5 naga ritualists
  6 swamp dragons
  4 shambling mangroves
  21 flayed ghosts
  10 harpies
  10 lindwurms
  8 shadow dragon zombies
  2 obsidian statues
  11 anaconda skeletons
  16 deep elf archers
  2 wizards
  A sphinx zombie (Zig:13)
  7 golden dragon skeletons
  23 orc knights
  48 phantasmal warriors
  15 mana vipers
  A mana viper (shapeshifter) (Snake:4)
  2 orb spiders (shapeshifter)
  9 wolf spider zombies
  23 ironbrand convokers
  25 necromancers
  6 cyclopes
  20 frost giant zombies
  10 shining eyes
  57 deep elf magi
  5 salamanders
  14 iron dragon zombies
  4 wolf spiders
  A faun (shapeshifter) (Depths:2)
  10 orc sorcerers
  12 fire giant zombies
  26 ugly things
  17 stone giant zombies
  5 worldbinders
  8 iron dragon skeletons
  A cyclops (shapeshifter) (Zig:11)
  13 shadow dragon skeletons
  2 manticores
  Joseph (D:9)
  Maurice (D:8)
  24 moths of wrath
  10 dire elephant zombies
  A water nymph (shapeshifter) (Vaults:5)
  26 black mambas
  An elephant (shapeshifter) (Zig:9)
  4 ice statues
  4 black mambas (shapeshifter)
  A water nymph (Abyss:5)
  7 frost giant skeletons
  7 elephants
  23 fire giant skeletons
  4 shock serpent zombies
  16 smoke demons
  17 vault sentinels
  3 torpor snails
  Psyche (D:8)
  12 stone giant skeletons
  3 titan simulacra
  6 shock serpent skeletons
  19 naga magi
  8 spectral swamp worms (Tar:7)
  5 eyes of devastation
  15 guardian serpents
  A guardian serpent (shapeshifter) (Depths:2)
  2 spiny frogs (shapeshifter)
  An eye of devastation (shapeshifter) (Elf:1)
  14 dire elephant skeletons
  42 rust devils
  6 molten gargoyles
  5 storm dragon simulacra
  An orange demon (Abyss:2)
  25 spiny frogs
  A spriggan skeleton (Zig:13)
  A rime drake (shapeshifter) (Elf:2)
  A grey draconian zombie (Crypt:1)
  2 kobold demonologists
  A black draconian zombie (Crypt:3)
  7 catoblepas zombies
  44 hellions
  7 rime drakes
  70 yaktaurs
  5 ancient zymes
  39 ice devils
  12 komodo dragons
  A white draconian zombie (Crypt:1)
  A spriggan zombie (Zig:7)
  12 efreet
  6 anaconda simulacra
  An elephant slug zombie (Crypt:3)
  9 emperor scorpion zombies
  49 freezing wraiths
  2 tengu conjurers (D:13)
  38 guardian mummies
  2 merfolk (shapeshifter)
  5 harpy zombies
  69 tormentors
  A ghost moth simulacrum (Coc:7)
  2 black draconian skeletons
  33 hydra zombies
  38 red devils
  5 silent spectres
  10 wind drakes (Depths:4)
  A minotaur zombie (Crypt:3)
  15 hydra skeletons
  8 trolls
  3 tengu simulacra
  13 polar bears
  50 saltlings (Desolation)
  9 tyrant leeches
  A wind drake (shapeshifter) (Elf:1)
  A hornet (shapeshifter) (Vaults:3)
  A minotaur skeleton (Tar:5)
  14 ettin zombies
  20 hornets
  183 slime creatures
  A meliai zombie (D:12)
  8 ice dragon zombies
  A dream sheep (Zig:10)
  12 hippogriffs
  12 fire dragon zombies
  A guardian serpent zombie (Crypt:1)
  13 raiju
  14 blink frogs
  11 bog bodies
  A hippogriff (shapeshifter) (Vaults:2)
  A frost giant simulacrum (Coc:1)
  12 alligator zombies
  10 black mamba zombies
  11 ice dragon skeletons
  25 small abominations
  2 redbacks (Depths:4)
  60 shadows
  15 air elementals
  A vampire (Abyss:3)
  64 wraiths
  2 ynoxinuls (Abyss:4)
  A human (D:13)
  A tarantella (shapeshifter) (Vaults:3)
  23 ushabtiu
  4 alligator skeletons
  12 ettin skeletons
  232 flying skulls
  25 large abominations
  10 spriggans
  5 fire dragon skeletons
  The ghost of Capnfrog the Skirmisher, an amateur HOFi of Gozag (D:3)
  24 water elementals
  6 basilisks
  36 fire elementals
  75 yaks
  9 wyverns
  A hog (shapeshifter) (Depths:3)
  9 hungry ghosts
  Grum (D:8)
  17 fire bats
  29 golden eyes
  A golden eye (shapeshifter) (Depths:2)
  3 steam dragons
  A yaktaur simulacrum (Depths:1)
  6 chaos spawn
  4 neqoxecs
  14 swamp worms
  16 vampire mosquitoes
  A torturous demonspawn zombie (Crypt:1)
  16 insubstantial wisps
  5 wargs
  23 nagas
  162 hell hounds
  2 merfolk zombies
  3 spatial vortices
  3 acid dragons
  An infernal demonspawn skeleton (Geh:1)
  Duvessa (D:6)
  A floating eye (shapeshifter) (Depths:2)
  A floating eye (Slime:5)
  6 hydra simulacra
  20 spiny frog zombies
  A faun skeleton (Crypt:1)
  7 porcupines
  A merfolk skeleton (Tar:7)
  18 water moccasins
  14 swamp drakes
  A hornet zombie (D:11)
  38 orc warriors
  9 spiny frog skeletons
  An ettin simulacrum (Tomb:3)
  35 ice beasts
  6 sky beasts
  A swamp dragon zombie (Coc:2)
  2 black bears
  2 ice dragon simulacra
  16 phantoms
  6 eyes of draining
  9 snapping turtle zombies
  14 boggarts
  A manticore zombie (Dis:3)
  26 ogres
  43 necrophages
  5 snapping turtle skeletons
  17 wolves
  17 centaurs
  2 manticore skeletons
  22 crocodiles
  3 swamp dragon skeletons
  A rime drake skeleton (Crypt:3)
  6 elf zombies
  A glowing shapeshifter simulacrum (Vaults:3)
  14 bullfrogs
  A gnoll sergeant (D:12)
  A deep troll simulacrum (Vaults:1)
  2 elf skeletons
  5 earth elementals
  2 spiny frog simulacra
  Dowan (D:6)
  2 scorpions
  5 wyvern skeletons
  2 troll zombies
  A snapping turtle simulacrum (Tar:3)
  172 wights
  An electric eel (Lair:6)
  A howler monkey (shapeshifter) (Vaults:5)
  3 howler monkeys
  15 crimson imps
  2 bullfrog zombies
  6 quasits
  7 jellies
  2 centaur zombies
  6 hounds
  A human zombie (Dis:7)
  27 orc wizards
  18 orc priests
  6 centaur skeletons
  46 iron imps
  A bullfrog skeleton (D:5)
  4 iguanas
  Terence (D:2)
  3 human skeletons
  11 worker ants
  10 hell rats (Hell)
  A lightning spire (Zig:5)
  A naga zombie (Tar:2)
  A centaur simulacrum (Coc:7)
  3 tengu zombies
  2 ogre zombies
  2 tengu skeletons
  A hound zombie (D:5)
  2 ogre skeletons
  2 hound skeletons
  55 mummies
  A howler monkey zombie (D:10)
  A worker ant zombie (Crypt:1)
  7 gnolls
  A howler monkey skeleton (D:5)
  16 adders
  35 shadow imps
  27 white imps
  6 ufetubi
  2 oozes
  An adder zombie (D:5)
  2 adder skeletons
  An iguana skeleton (Crypt:1)
  5 worms
  2 ball lightnings (Depths:4)
  A barachi zombie (Crypt:2)
  3 dart slugs (D:2)
  4 leopard geckos
  107 orcs
  5 ball pythons
  A bat zombie (Crypt:2)
  7 giant cockroaches
  3 goblins
  7 hobgoblins
  17 jackals
  4 kobolds
  4 quokkas
  13 bats
  9 frilled lizards
  2 hobgoblin zombies (Ossuary)
  A jackal zombie (Crypt:1)
  A kobold simulacrum (Crypt:1)
  A kobold skeleton (Tar:3)
  4 kobold zombies
  A leopard gecko skeleton (D:4)
  A leopard gecko zombie (D:5)
  5 orc skeletons
  5 orc zombies
  2 quokka skeletons
  A quokka zombie (D:5)
  4 rats
  A spectral orc (D:5)
  12 crawling corpses
  5 fire vortices
  2 fungi
  2 lurking horrors
  3 plants (Lair:6)
  10 starspawn tentacles
  3 tentacles
6018 creatures vanquished.

Vanquished Creatures (collateral kills)
  A nagaraja (Snake:4)
  Aizul (Snake:1)
  A yaktaur captain (Vaults:5)
  A shock serpent (Snake:4)
  A mana viper (Snake:4)
  A black mamba (Snake:4)
  2 yaktaurs (Vaults:5)
8 creatures vanquished.

Vanquished Creatures (others)
  An ancient lich (Crypt:3)
  An electric golem (Zot:2)
  An eldritch tentacle (Geh:5)
  A fire giant (Depths:3)
  A draconian knight (Zot:1)
  A ghost moth (Zot:2)
  2 stone giants
  A very ugly thing (Depths:5)
  A centaur warrior (Vaults:2)
  An ice dragon (Coc:7)
  3 death scarabs (Tomb:3)
  4 hell hogs
  A thrashing horror (Abyss:5)
  A naga sharpshooter (Zig:6)
  2 deep elf archers
  A swamp dragon (shapeshifter) (Depths:5)
  2 deep elf magi (Elf:3)
  A cyclops (Vaults:2)
  A moth of wrath (Zot:5)
  A black mamba (Snake:4)
  A shock serpent zombie (Tomb:2)
  5 yaktaurs
  A tormentor (Dis:3)
  A hydra skeleton (Coc:7)
  9 flying skulls
  A wraith (Dis:5)
  A shadow (Dis:3)
  A fire elemental (Hell)
  3 vampire mosquitoes (Swamp:2)
  A spiny frog zombie (Geh:2)
  A swamp drake (Swamp:1)
  2 orc warriors
  A necrophage (Tar:2)
  A centaur (Vaults:1)
  A spriggan zombie (Tomb:3)
  A wight (Geh:7)
  An orc wizard (Snake:4)
  A mummy (Tomb:2)
  15 ball lightnings (Depths:4)
  2 orcs
  A crawling corpse (Vaults:5)
  A demonic plant (Abyss:4)
  5 fungi
  A lurking horror (Abyss:1)
  9 plants
  9 starspawn tentacles
  18 tentacles
122 creatures vanquished.

Grand Total: 6148 creatures vanquished

Notes
Turn   | Place    | Note
-------+----------+-------------------------------------------
     0 | D:1      | Capnfrog the Deep Dwarf Fighter began the quest for the Orb.
     0 | D:1      | Reached XP level 1. HP: 20/20 MP: 1/1
   323 | D:1      | Reached XP level 2. HP: 14/27 MP: 2/2
   899 | D:2      | Noticed Terence
   919 | D:2      | Killed Terence
   919 | D:2      | Reached skill level 1 in Dodging
   919 | D:2      | Reached XP level 3. HP: 26/33 MP: 3/3
   964 | D:2      | Found a faded altar of an unknown god.
  1036 | D:2      | Found a snail-covered altar of Cheibriados.
  1151 | D:2      | Reached XP level 4. HP: 27/40 MP: 4/4
  2057 | D:3      | Noticed Capnfrog's ghost (amateur HOFi)
  2073 | D:3      | Killed Capnfrog's ghost
  2073 | D:3      | Reached skill level 5 in Axes
  2073 | D:3      | Reached XP level 5. HP: 25/49 MP: 5/5
  2175 | D:3      | Found a glowing drain.
  2184 | D:3      | Reached XP level 6. HP: 26/56 MP: 6/6
  2196 | Sewer    | Entered a sewer
  2771 | D:3      | Found a burning altar of Makhleb.
  2793 | D:3      | Became a worshipper of Makhleb the Destroyer
  3024 | D:4      | Found a staircase to the Ecumenical Temple.
  3205 | D:4      | Reached skill level 5 in Shields
  3252 | D:4      | Reached XP level 7. HP: 11/62 MP: 7/7
  3275 | D:4      | Reached * piety under Makhleb
  3318 | D:4      | Found an iron altar of Okawaru.
  3656 | D:5      | Entered Level 5 of the Dungeon
  4261 | D:5      | Found a basalt altar of Yredelemnul.
  4363 | D:5      | Found a shimmering altar of Xom.
  4663 | D:6      | Reached XP level 8. HP: 37/69 MP: 8/8
  4818 | D:6      | Reached skill level 1 in Evocations
  4827 | D:6      | Reached ** piety under Makhleb
  4886 | D:6      | Gained mutation: Your body sometimes deteriorates upon taking damage. [potion of mutation]
  4886 | D:6      | Gained mutation: You have large cloven feet. [potion of mutation]
  4956 | D:6      | Reached skill level 1 in Stealth
  5177 | D:6      | Found a sand-covered staircase.
  5183 | Ossuary  | Entered an ossuary
  5200 | Ossuary  | Reached skill level 10 in Axes
  5270 | Ossuary  | Gained mutation: You passively map the area around you. [Deep Dwarf growth]
  5270 | Ossuary  | Reached XP level 9. HP: 52/78 MP: 10/10
  5637 | D:6      | Noticed Duvessa
  5656 | D:6      | Killed Duvessa
  5663 | D:6      | Noticed Dowan
  5668 | D:6      | Killed Dowan
  6001 | D:7      | Reached *** piety under Makhleb
  6885 | D:8      | Found a bloodstained altar of Trog.
  6885 | D:8      | Found a stormy altar of Qazlal.
  7037 | D:8      | Noticed Psyche
  7051 | D:8      | Killed Psyche
  7051 | D:8      | Reached skill level 5 in Armour
  7098 | D:8      | Noticed Grum
  7133 | D:8      | Killed Grum
  7163 | D:8      | Found a hide-covered altar of Uskayaw.
  7165 | D:8      | Found a shattered altar of Ashenzari.
  7292 | D:8      | Found a blossoming altar of Fedhas.
  7454 | D:8      | Noticed Maurice
  7522 | D:8      | Killed Maurice
  7522 | D:8      | Reached XP level 10. HP: 45/87 MP: 11/11
  7745 | D:9      | Noticed Joseph
  7765 | D:9      | Killed Joseph
  7900 | D:9      | Reached skill level 5 in Fighting
  8018 | D:9      | Paralysed by a hornet for 1 turns
  8091 | D:9      | Reached **** piety under Makhleb
  8389 | D:10     | Entered Level 10 of the Dungeon
  8483 | D:10     | Killed an unseen horror
  8634 | D:10     | Noticed Josephine
  8650 | D:10     | Killed Josephine
  8683 | D:10     | Reached XP level 11. HP: 84/96 MP: 12/12
  8784 | D:10     | Found a staircase to the Lair.
  8913 | D:10     | Noticed Fannar
  8949 | D:11     | Noticed a purple ugly thing
  8973 | D:11     | Killed a purple ugly thing
  9043 | D:11     | Noticed a cyan ugly thing
  9055 | D:11     | Killed a cyan ugly thing
  9494 | D:11     | Noticed a green ugly thing
  9514 | D:11     | Killed a green ugly thing
  9700 | D:12     | Noticed a two-headed ogre
  9703 | D:12     | Lost mutation: Your body sometimes deteriorates upon taking damage. [potion of mutation]
  9703 | D:12     | Lost mutation: You have large cloven feet. [potion of mutation]
  9703 | D:12     | Gained mutation: Your flesh is cold resistant. (rC+) [potion of mutation]
  9703 | D:12     | Gained mutation: You are agile. (Dex +2) [potion of mutation]
  9703 | D:12     | Gained mutation: You are partially covered in icy blue scales. (AC +2) [potion of mutation]
  9703 | D:12     | Gained mutation: You have a pair of small horns on your head. [potion of mutation]
  9710 | D:12     | Killed a two-headed ogre
  9724 | D:12     | Noticed Capnfrog's ghost (journeyman HOFi)
  9849 | D:10     | Killed Fannar
  9849 | D:10     | Reached skill level 15 in Axes
 10046 | Lair:1   | Entered Level 1 of the Lair of Beasts
 10174 | Lair:1   | Reached ***** piety under Makhleb
 10449 | Lair:1   | Got a faintly glowing scale mail
 10460 | Lair:1   | Identified the +5 scale mail of Maun {rF- Str+8 Dex+4 Stlth+} (You found it on level 1 of the Lair of Beasts)
 11183 | Lair:2   | Reached XP level 12. HP: 106/106 MP: 12/12
 11731 | Lair:3   | Found a burning altar of Makhleb.
 11744 | Lair:3   | Found a staircase to the Swamp.
 11770 | Lair:3   | Noticed a seven-headed hydra
 11788 | Lair:3   | Killed a 13-headed hydra
 12215 | Lair:3   | Noticed a death yak
 12215 | Lair:3   | Noticed a death yak
 12216 | Lair:3   | Noticed a death yak
 12217 | Lair:3   | Noticed a death yak
 12218 | Lair:3   | Noticed a death yak
 12220 | Lair:3   | Noticed a death yak
 12312 | Lair:2   | Killed a death yak
 12317 | Lair:2   | Killed a death yak
 12317 | Lair:2   | Reached skill level 5 in Stealth
 12317 | Lair:2   | Killed a death yak
 12332 | Lair:2   | Killed a death yak
 12351 | Lair:2   | Killed a death yak
 12487 | Lair:3   | Killed a death yak
 12852 | Lair:4   | Noticed a death yak
 12852 | Lair:4   | Noticed a death yak
 12852 | Lair:4   | Noticed a death yak
 12863 | Lair:4   | Killed a death yak
 12865 | Lair:4   | Killed a death yak
 12870 | Lair:4   | Killed a death yak
 12936 | Lair:4   | Found a staircase to the Snake Pit.
 12992 | Lair:4   | Reached XP level 13. HP: 115/115 MP: 13/13
 14213 | Lair:5   | Noticed Snorg
 14234 | Lair:5   | Killed Snorg
 14234 | Lair:5   | Reached ****** piety under Makhleb
 14520 | Lair:6   | Entered Level 6 of the Lair of Beasts
 14805 | Lair:6   | Noticed a fire dragon
 15079 | D:12     | Found a staircase to the Orcish Mines.
 15101 | D:12     | Gained mutation: You resist negative energy. (rN+) [Deep Dwarf growth]
 15101 | D:12     | Reached XP level 14. HP: 129/129 MP: 14/14
 15114 | D:12     | Killed Capnfrog's ghost
 15313 | D:12     | Found Jobuis's Food Shoppe.
 15658 | D:12     | Got a slimy long sword
 15659 | D:12     | Identified the +9 long sword of Woanuot {slice, *Drain rN+ Str+4} (You found it on level 12 of the Dungeon)
 15923 | D:13     | Reached skill level 10 in Stealth
 16362 | D:13     | Found a gate to the Vaults.
 16389 | D:13     | Reached skill level 10 in Fighting
 16633 | D:14     | Noticed Capnfrog's ghost (journeyman GrEE)
 16669 | D:14     | Killed Capnfrog's ghost
 16767 | D:14     | Reached skill level 5 in Dodging
 16882 | D:14     | Found a frozen archway.
 16911 | IceCv    | Entered an ice cave
 17388 | IceCv    | Noticed a frost giant
 17401 | IceCv    | Reached XP level 15. HP: 141/141 MP: 15/15
 17448 | IceCv    | Killed a frost giant
 17480 | IceCv    | Identified Cufor's Grimoire of the Frostbite
 18024 | D:15     | Entered Level 15 of the Dungeon
 18185 | D:15     | Found Mojint's Antique Weapon Shoppe.
 18241 | D:15     | Found Uckanil's Gadget Boutique.
 18521 | D:15     | Found Xexaf's Magic Scroll Shop.
 18657 | D:15     | Found a staircase to the Depths.
 18734 | D:15     | Noticed loopi's ghost (adept KoWn)
 18754 | D:15     | Killed loopi's ghost
 18865 | D:15     | Reached XP level 16. HP: 80/152 MP: 16/16
 18933 | Depths:1 | Entered Level 1 of the Depths
 19793 | Lair:6   | Found a viscous altar of Jiyva.
 19793 | Lair:6   | Found a staircase to the Slime Pits.
 20226 | Orc:1    | Entered Level 1 of the Orcish Mines
 20774 | Orc:2    | Entered Level 2 of the Orcish Mines
 20776 | Orc:2    | Found a roughly hewn altar of Beogh.
 20883 | Orc:2    | Found a staircase to the Elven Halls.
 21389 | Orc:2    | Found Keugywk's Weapon Shop.
 21389 | Orc:2    | Found Veisch's Armour Emporium.
 21391 | Orc:2    | Found Zeaz's General Store.
 21391 | Orc:2    | Found Pit Irphauz's Food Emporium.
 21545 | Elf:1    | Entered Level 1 of the Elven Halls
 21877 | Snake:1  | Entered Level 1 of the Snake Pit
 21913 | Snake:1  | Noticed Agnes
 21932 | Snake:1  | Killed Agnes
 22138 | Snake:1  | Noticed Aizul
 22165 | Snake:1  | Killed Aizul
 22488 | Snake:1  | Reached XP level 17. HP: 118/164 MP: 18/18
 22492 | Snake:1  | Noticed Louise
 22507 | Snake:1  | Killed Louise
 22870 | Snake:2  | Reached skill level 10 in Shields
 23848 | Snake:3  | Reached skill level 10 in Armour
 23984 | Snake:3  | Got a steaming long sword
 23985 | Snake:3  | Identified the +4 long sword of Obsession {slice, +Blink rC+} (You found it on level 3 of the Snake Pit)
 24002 | Snake:4  | Entered Level 4 of the Snake Pit
 24387 | Snake:4  | Found Orrajaerph's Food Emporium.
 24798 | Snake:4  | Reached skill level 10 in Dodging
 25075 | Snake:4  | Noticed Saint Roka
 25409 | Swamp:1  | Entered Level 1 of the Swamp
 25628 | Swamp:1  | Paralysed by a hornet for 1 turns
 25821 | Swamp:1  | Gained mutation: You passively map a large area around you. [Deep Dwarf growth]
 25821 | Swamp:1  | Reached XP level 18. HP: 172/172 MP: 19/19
 26157 | Swamp:1  | You fall through a shaft!
 26332 | Swamp:2  | Noticed Nikola
 26360 | Swamp:2  | Killed Nikola
 26576 | Swamp:2  | Reached skill level 15 in Stealth
 27388 | Swamp:4  | Entered Level 4 of the Swamp
 28162 | Swamp:4  | Got a decaying rune of Zot
 28598 | Snake:4  | Killed Saint Roka
 28668 | Snake:4  | Reached XP level 19. HP: 181/181 MP: 13/20
 28732 | Snake:4  | Got a serpentine rune of Zot
 29281 | Elf:1    | Noticed Asterion
 29302 | Elf:1    | Killed Asterion
 29677 | Elf:1    | Identified the Incunabulum of Evil
 29799 | Elf:1    | Found Inyat's Weapon Shoppe.
 29835 | Elf:1    | Noticed Roxanne
 29866 | Elf:1    | Got a fine falchion
 29867 | Elf:1    | Identified the cursed +2 falchion of Joorah {slice, rElec rPois Dex+2} (You found it on level 1 of the Elven Halls)
 30245 | Elf:1    | Killed Roxanne
 30420 | Elf:2    | Found a runed gate.
 30421 | Elf:2    | Found a runed gate.
 30534 | Elf:2    | Found a runed gate.
 30699 | Elf:3    | Entered Level 3 of the Elven Halls
 30856 | Elf:3    | Noticed a Brimstone Fiend
 30866 | Elf:3    | Noticed a Tzitzimitl
 30867 | Elf:3    | Noticed a Brimstone Fiend
 31403 | Depths:1 | Got a twisted mace
 31404 | Depths:1 | Identified the +3 mace of Eternal Vigilance {elec, +Inv} (You found it on level 1 of the Depths)
 31626 | Depths:1 | Identified the Reference Book on the Frigorific Volcanoes
 32091 | Depths:1 | Reached XP level 20. HP: 112/192 MP: 20/20
 32268 | Depths:1 | Found a gateway to Hell.
 32534 | Hell     | Entered the Vestibule of Hell
 32534 | Hell     | Noticed Geryon
 32797 | Depths:2 | Reached skill level 15 in Fighting
 33078 | Depths:2 | Noticed a golden dragon
 33097 | Depths:2 | Killed a golden dragon
 33153 | Depths:2 | Got a twisted plate armour
 33164 | Depths:2 | Identified the cursed +0 plate armour of Focus {Dex+5} (You found it on level 2 of the Depths)
 33337 | Depths:2 | Identified a scroll of acquirement
 33956 | Depths:3 | Reached XP level 21. HP: 186/202 MP: 21/21
 34088 | Depths:3 | Found a gateway to a ziggurat.
 34101 | Depths:3 | Noticed Bai Suzhen
 34135 | Depths:3 | Killed Bai Suzhen
 34543 | Depths:3 | Found Nieqoq's General Store.
 34552 | Depths:3 | Bought a scroll of identify for 50 gold pieces
 34552 | Depths:3 | Bought a scroll of identify for 50 gold pieces
 34790 | Depths:3 | Found a one-way gate leading to the halls of Pandemonium.
 34816 | Depths:3 | Noticed Jory
 34902 | Depths:3 | Found Kaowav's Gadget Boutique.
 34902 | Depths:3 | Found Luguowuu's Jewellery Emporium.
 34903 | Depths:3 | Found Adeadid's Jewellery Emporium.
 35017 | Depths:3 | Bought a +6 amulet of reflection for 1287 gold pieces
 35203 | Depths:3 | Got a fine glass ring
 35294 | Depths:3 | Killed Jory
 35298 | Depths:3 | Got a translucent pewter ring
 35303 | Depths:3 | Learned a level 2 spell: Swiftness
 35303 | Depths:3 | Identified the ring of Ciohot {rN+ Str+4} (You took it off a vampire knight on level 3 of the Depths)
 35304 | Depths:3 | Identified the ring of Neocel {rPois rF+ MP+9 Dex-4 Slay+3} (You took it off a vampire knight on level 3 of the Depths)
 35309 | Depths:3 | Got a crystal spear {flame}
 35310 | Depths:3 | Identified the +9 spear of Sisaoh {flame, rC+} (You took it off a vampire knight on level 3 of the Depths)
 35536 | Depths:4 | Found Eheh's General Store.
 35609 | Depths:4 | Bought the +0 pair of boots "Lercherik" {Str+3} for 302 gold pieces
 35609 | Depths:4 | Bought a scroll of identify for 34 gold pieces
 35701 | Depths:4 | Found a large runed door.
 35702 | Depths:4 | Found a large runed door.
 35802 | Depths:4 | Noticed Jorgrun
 35971 | Depths:4 | Killed Jorgrun
 36254 | Depths:4 | Found a one-way gate to the infinite horrors of the Abyss.
 36317 | Depths:4 | Found a magical portal.
 36372 | Depths:4 | Voluntarily entered the Abyss.
 36804 | Depths:4 | Escaped the Abyss
 36928 | Depths:4 | Reached XP level 22. HP: 213/213 MP: 22/22
 37122 | Depths:4 | Got a faintly glowing great mace
 37128 | Depths:4 | Identified the cursed +1 great mace "Koupeh" {protect, MR- Int+4} (You found it on level 4 of the Depths)
 37281 | Depths:4 | Reached skill level 15 in Armour
 37598 | Depths:5 | Entered Level 5 of the Depths
 37638 | Depths:5 | Noticed a golden dragon
 37669 | Depths:5 | Killed a golden dragon
 37676 | Depths:5 | Noticed a golden dragon
 37716 | Depths:5 | Killed a golden dragon
 37733 | Depths:5 | Noticed Xtahua
 37754 | Depths:5 | Killed Xtahua
 37759 | Depths:5 | Noticed Sojobo
 37774 | Depths:5 | Killed Sojobo
 38033 | Depths:5 | Noticed Mennas
 38107 | Depths:5 | Killed Mennas
 38291 | Depths:5 | Found a gate to the Realm of Zot.
 38676 | Vaults:1 | Entered Level 1 of the Vaults
 38697 | Vaults:1 | Reached XP level 23. HP: 165/224 MP: 23/23
 38731 | Vaults:1 | Found Onlok's Assorted Antiques.
 39705 | Vaults:1 | Got a distressingly furry chain mail
 39716 | Vaults:1 | Identified the +10 chain mail of the Orcish Mines {rF+ Regen+ Str+4 Dex-3} (You found it on level 1 of the Vaults)
 39798 | Vaults:2 | Found Fuerin's Jewellery Shoppe.
 39898 | Vaults:2 | Found Iriuts's Antique Armour Emporium.
 39944 | Vaults:2 | Bought an ancient cloak for 408 gold pieces
 39954 | Vaults:2 | Identified the +2 cloak of Dorisiet {rElec rC- rCorr} (You bought it in a shop on level 2 of the Vaults)
 40020 | Vaults:2 | Noticed Margery
 40038 | Vaults:2 | Killed Margery
 40087 | Vaults:2 | Found Duw Kune's Gadget Emporium.
 40132 | Vaults:2 | Found a portal to a secret trove of treasure.
 40397 | Vaults:2 | Noticed Frederick
 40400 | Vaults:2 | Found Zuedyago's Antique Armour Shop.
 40407 | Vaults:2 | Killed Frederick
 40757 | Vaults:2 | Found Orasap's Assorted Antiques.
 40924 | Vaults:3 | Found Useuth's Jewellery Shop.
 41017 | Vaults:3 | Found a ruined gateway.
 41028 | Desolati | Entered the Desolation of Salt
 41120 | Desolati | Identified the Catalogue of Enchantment
 41144 | Desolati | Learned a level 2 spell: Blink
 41321 | Desolati | Reached XP level 24. HP: 234/234 MP: 23/23
 41362 | Desolati | Got a pair of dazzling gloves
 41378 | Desolati | Identified the +0 pair of gloves "Heosm" {SInv} (You found it in the Desolation of Salt)
 41632 | Desolati | Reached skill level 27 in Axes
 41651 | Desolati | Identified Puaboraa's Disquisition on Ice
 41657 | Desolati | Got a translucent granite ring
 41659 | Desolati | Identified the ring "Pojawih" {rC+++ rN+ MR++ Str-2} (You found it in the Desolation of Salt)
 42215 | Vaults:3 | Found a staircase to the Crypt.
 42782 | Vaults:3 | Found Humyecol's Food Shop.
 44168 | Vaults:5 | Entered Level 5 of the Vaults
 44267 | Vaults:5 | Reached XP level 25. HP: 231/249 MP: 23/23
 44426 | Vaults:5 | Identified the Handbook of Calling and Stones
 44441 | Vaults:5 | Got a silver rune of Zot
 44642 | Vaults:5 | Got a bound silver ring
 45020 | Vaults:5 | Got a translucent garnet amulet
 45024 | Vaults:5 | Identified the ring of Odawnal {rPois Int+4} (You found it on level 5 of the Vaults)
 45025 | Vaults:5 | Identified the amulet "Mipem" {Reflect Dex+4 SH+3} (You took it off a fire giant on level 5 of the Vaults)
 45127 | Vaults:5 | Found the amulet of Vitality {Regen+ HP+15}
 45490 | Vaults:5 | Got a faintly glowing scale mail
 45502 | Vaults:5 | Identified the cursed +0 scale mail "Rohiv" {rPois rF- Int+4} (You found it on level 5 of the Vaults)
 46060 | Hell     | Killed Geryon
 46210 | Hell     | Found a gateway to the ashen valley of Gehenna.
 46225 | Hell     | Reached XP level 26. HP: 267/268 MP: 23/23
 46273 | Hell     | Found a gateway to the Iron City of Dis.
 46354 | Hell     | Found a gateway to the freezing wastes of Cocytus.
 46399 | Hell     | Found a gateway to the decaying netherworld of Tartarus.
 46584 | Coc:1    | Entered Level 1 of Cocytus
 48631 | Coc:7    | Entered Level 7 of Cocytus
 48749 | Coc:7    | Reached XP level 27. HP: 288/288 MP: 23/23
 48929 | Coc:7    | Noticed the Serpent of Hell
 49007 | Coc:7    | Killed the Serpent of Hell
 49432 | Coc:7    | Reached skill level 15 in Shields
 49482 | Coc:7    | Reached skill level 15 in Dodging
 49514 | Coc:7    | Noticed Antaeus
 50658 | Elf:3    | Got a glittering brass ring
 50660 | Elf:3    | Identified the ring "Kawi" {Int+3 Stlth+} (You found it on level 3 of the Elven Halls)
 50678 | Elf:3    | Identified the Papyrus of the Mutagenic Glacier
 50682 | Elf:3    | Learned a level 1 spell: Infusion
 50801 | Elf:3    | Identified the Papyrus of Heat and the Entourage
 51080 | Elf:3    | Noticed dipablo's ghost (adept MiFi)
 51116 | Elf:3    | Killed dipablo's ghost
 51738 | Slime:1  | Entered Level 1 of the Pits of Slime
 53375 | Slime:5  | Entered Level 5 of the Pits of Slime
 53448 | Slime:5  | Gained mutation: You are frail. (-10% HP) [a shining eye]
 53455 | Slime:5  | Found a viscous altar of Jiyva.
 53457 | Slime:5  | Noticed the Royal Jelly
 53487 | Slime:5  | Killed the Royal Jelly
 53490 | Slime:5  | Paralysed by a floating eye for 4 turns
 53500 | Slime:5  | Paralysed by a floating eye for 4 turns
 53510 | Slime:5  | Paralysed by a floating eye for 2 turns
 53510 | Slime:5  | Gained mutation: Your body sometimes deteriorates upon taking damage. [a shining eye]
 53514 | Slime:5  | Paralysed by a floating eye for 2 turns
 53517 | Slime:5  | Gained mutation: Scrolls take you a little longer to read. [a shining eye]
 53519 | Slime:5  | Paralysed by a floating eye for 4 turns
 53537 | Slime:5  | Paralysed by a floating eye for 2 turns
 53546 | Slime:5  | Gained mutation: You are very frail. (-20% HP) [a shining eye]
 53594 | Slime:5  | Identified the Volume of Slavery and Heat
 53629 | Slime:5  | Paralysed by a floating eye for 2 turns
 53638 | Slime:5  | Got a wavering silver ring
 53644 | Slime:5  | Got a brightly glowing sapphire amulet
 53646 | Slime:5  | Got a slimy rune of Zot
 53659 | Slime:5  | Identified the ring of Pykiud {*Drain +Blink rPois rC++ Int+3} (You found it on level 5 of the Pits of Slime)
 53728 | Slime:5  | Got a shimmering sapphire amulet
 53735 | Slime:5  | Got a heavily runed chain mail
 53746 | Slime:5  | Identified the cursed +1 chain mail "Jyfes" {*Contam Regen+ Str+8 Dex-4} (You found it on level 5 of the Pits of Slime)
 53758 | Slime:5  | Gained mutation: Your magical capacity is low. (-10% MP) [mutagenic glow]
 53760 | Slime:5  | Lost mutation: You are agile. (Dex +2) [potion of mutation]
 53760 | Slime:5  | Lost mutation: You are partially covered in icy blue scales. (AC +2) [potion of mutation]
 53760 | Slime:5  | Gained mutation: You have large cloven feet. [potion of mutation]
 53760 | Slime:5  | Gained mutation: You are partially covered in thin metallic scales. (AC +2) [potion of mutation]
 53760 | Slime:5  | Gained mutation: You have a pair of horns on your head. [potion of mutation]
 53787 | Slime:5  | Got a steaming chain mail
 53835 | Slime:5  | Identified the +9 chain mail of the Princess {*Corrode MR++ Str-5 Stlth+} (You found it on level 5 of the Pits of Slime)
 54190 | Slime:5  | Identified the amulet of Ivuten {Inacc rN++} (You found it on level 5 of the Pits of Slime)
 55088 | Crypt:1  | Entered Level 1 of the Crypt
 55475 | Crypt:1  | Found an ancient bone altar of Kikubaaqudgha.
 55907 | Crypt:2  | Reached skill level 27 in Fighting
 56558 | Crypt:3  | Entered Level 3 of the Crypt
 56650 | Crypt:3  | Found a staircase to the Tomb.
 57024 | Crypt:3  | Noticed an ancient lich
 57024 | Crypt:3  | Noticed an ancient lich
 57709 | Dis:1    | Entered Level 1 of the Iron City of Dis
 58113 | Dis:1    | Reached skill level 27 in Stealth
 58315 | Dis:2    | Reached skill level 1 in Invocations
 58335 | Dis:2    | Reached skill level 1 in Translocations
 59108 | Dis:2    | Reached skill level 5 in Evocations
 59355 | Dis:3    | Reached skill level 5 in Invocations
 59996 | Dis:3    | Reached skill level 10 in Invocations
 60010 | Dis:3    | Reached skill level 10 in Evocations
 60693 | Dis:5    | Noticed an ancient lich
 60711 | Dis:5    | Killed an ancient lich
 61055 | Dis:7    | Entered Level 7 of the Iron City of Dis
 61481 | Dis:7    | Identified the Handbook of Cloudy Execration
 61490 | Dis:7    | Got a jewelled plate armour
 61513 | Dis:7    | Identified the cursed +0 plate armour of Context {rElec Str+3} (You found it on level 7 of the Iron City of Dis)
 62293 | Dis:7    | HP: 7/238 [Hell Sentinel/damnation[the effects of Hell] (26)]
 62519 | Dis:7    | Identified the amulet of Ojuimn {Spirit rElec Str-3 Int+3 Dex+4} (You found it on level 5 of the Pits of Slime)
 62693 | Dis:7    | Noticed Dispater
 62764 | Dis:7    | Killed Dispater
 62837 | Dis:7    | Got an iron rune of Zot
 63236 | Geh:1    | Entered Level 1 of Gehenna
 63347 | Geh:1    | Lost mutation: You have a pair of horns on your head. [potion of mutation]
 63347 | Geh:1    | Lost mutation: You are very frail. (-20% HP) [potion of mutation]
 63347 | Geh:1    | Lost mutation: Your magical capacity is low. (-10% MP) [potion of mutation]
 63347 | Geh:1    | Lost mutation: Scrolls take you a little longer to read. [potion of mutation]
 63347 | Geh:1    | Gained mutation: You are covered in fur. (AC +1) [potion of mutation]
 63348 | Geh:1    | Lost mutation: You are frail. (-10% HP) [potion of mutation]
 63348 | Geh:1    | Lost mutation: Your flesh is cold resistant. (rC+) [potion of mutation]
 63348 | Geh:1    | Lost mutation: You are partially covered in thin metallic scales. (AC +2) [potion of mutation]
 63348 | Geh:1    | Gained mutation: You are clumsy. (Dex -2) [potion of mutation]
 63348 | Geh:1    | Gained mutation: You are partially covered in iridescent scales. (AC +2) [potion of mutation]
 63349 | Geh:1    | Lost mutation: You are clumsy. (Dex -2) [potion of mutation]
 63349 | Geh:1    | Lost mutation: You have a pair of small horns on your head. [potion of mutation]
 63349 | Geh:1    | Lost mutation: You have large cloven feet. [potion of mutation]
 63349 | Geh:1    | Lost mutation: Your body sometimes deteriorates upon taking damage. [potion of mutation]
 63349 | Geh:1    | Gained mutation: You are frail. (-10% HP) [potion of mutation]
 63349 | Geh:1    | Gained mutation: You are resistant to hostile enchantments. (MR+) [potion of mutation]
 63350 | Geh:1    | Lost mutation: You are frail. (-10% HP) [potion of mutation]
 63350 | Geh:1    | Gained mutation: You expend magic power (3 MP) to strengthen your wands. [potion of mutation]
 63350 | Geh:1    | Gained mutation: Your body sometimes deteriorates upon taking damage. [potion of mutation]
 63350 | Geh:1    | Gained mutation: You are covered in thick fur. (AC +2) [potion of mutation]
 64029 | Tomb:1   | Entered Level 1 of the Tomb of the Ancients
 65169 | Tar:1    | Entered Level 1 of Tartarus
 65680 | Crypt:3  | Killed an ancient lich
 65688 | Crypt:3  | Killed an ancient lich
 65718 | Crypt:3  | Got transparent quicksilver dragon scales
 65721 | Crypt:3  | Got a brightly glowing great sword
 65734 | Crypt:3  | Identified the quicksilver dragon scales of the Lost Path {MR+ Str+2} (You found it on level 3 of the Crypt)
 65754 | Crypt:3  | Identified the +4 great sword of Ynle {drain, Dex+5} (You found it on level 3 of the Crypt)
 65764 | Crypt:3  | Got a fine platinum ring
 65765 | Crypt:3  | Identified the ring of Life {rC++ MR+} (You found it on level 3 of the Crypt)
 67122 | Coc:7    | Got an icy rune of Zot
 67161 | Coc:7    | Killed Antaeus
 67165 | Coc:7    | Got a shimmering rapier {venom}
 67171 | Coc:7    | Identified the +4 rapier of Dishonour {venom, rPois Str+3 Dex+3 Stlth+} (You took it off Antaeus on level 7 of Cocytus)
 67193 | Coc:7    | Got an ancient bronze ring
 67195 | Coc:7    | Identified the ring "Ocroir" {rElec rN+ Dex-5 Stlth-} (You found it on level 7 of Cocytus)
 67290 | Coc:7    | Reached skill level 15 in Invocations
 67293 | Coc:7    | Gained mutation: You are partially covered in thin metallic scales. (AC +2) [mutagenic glow]
 67373 | Coc:7    | Reached skill level 15 in Evocations
 68201 | Tar:1    | Reached skill level 1 in Spellcasting
 68854 | Tar:4    | Reached skill level 5 in Spellcasting
 69152 | Tar:7    | Entered Level 7 of Tartarus
 69394 | Tar:7    | Reached skill level 10 in Spellcasting
 70700 | Tar:7    | Noticed Ereshkigal
 70756 | Tar:7    | Reached skill level 15 in Spellcasting
 72752 | Tomb:2   | Noticed a greater mummy
 72764 | Tomb:2   | Noticed a greater mummy
 72765 | Tomb:2   | Noticed a greater mummy
 72772 | Tomb:2   | Killed a greater mummy
 72775 | Tomb:2   | Noticed a greater mummy
 72894 | Tomb:3   | Entered Level 3 of the Tomb of the Ancients
 72924 | Tomb:3   | Noticed a greater mummy
 72928 | Tomb:3   | Noticed a greater mummy
 72929 | Tomb:3   | Noticed a greater mummy
 72930 | Tomb:3   | Noticed a greater mummy
 72945 | Tomb:3   | Noticed a greater mummy
 72949 | Tomb:3   | Noticed an ancient lich
 72949 | Tomb:3   | Noticed an ancient lich
 72949 | Tomb:3   | Noticed a greater mummy
 72949 | Tomb:3   | Noticed Khufu
 72994 | Tomb:3   | Killed a greater mummy
 73019 | Zig:1    | Entered Level 1 of a ziggurat
 73024 | Zig:1    | HP: 12/298 [acid (5)]
 73034 | Zig:2    | Entered Level 2 of a ziggurat
 73049 | Zig:3    | Entered Level 3 of a ziggurat
 73089 | Zig:3    | Got a slimy ring mail
 73090 | Zig:3    | Identified the +1 ring mail of Pujaemem {+Fly rCorr Int-2 Dex+5} (You found it on level 3 of a ziggurat)
 73097 | Zig:4    | Entered Level 4 of a ziggurat
 73143 | Zig:5    | Entered Level 5 of a ziggurat
 73169 | Zig:5    | Got a scintillating tin ring
 73170 | Zig:5    | Identified the ring "Kackaar" {rF+ MR+ Str+2 Dex+2 Slay-6} (You found it on level 5 of a ziggurat)
 73197 | Zig:6    | Entered Level 6 of a ziggurat
 73245 | Zig:6    | Got a steaming wooden ring
 73257 | Zig:6    | Learned a level 2 spell: Passwall
 73264 | Zig:6    | Learned a level 6 spell: Invisibility
 73265 | Zig:6    | Identified the ring "Efferu" {rPois rN+ Int+2 Dex+4} (You found it on level 6 of a ziggurat)
 73270 | Zig:7    | Entered Level 7 of a ziggurat
 73299 | Zig:7    | Reached skill level 1 in Maces & Flails
 73327 | Zig:7    | Got a shimmering golden ring
 73348 | Zig:7    | Learned a level 7 spell: Ring of Flames
 73358 | Zig:7    | Learned a level 9 spell: Shatter
 73365 | Zig:7    | Learned a level 6 spell: Deflect Missiles
 73374 | Zig:7    | Learned a level 8 spell: Ignition
 73381 | Zig:7    | Learned a level 6 spell: Darkness
 73388 | Zig:7    | Learned a level 6 spell: Freezing Cloud
 73394 | Zig:7    | Learned a level 5 spell: Silence
 73401 | Zig:8    | Entered Level 8 of a ziggurat
 73449 | Zig:8    | Identified Sif Muna's Incunabulum of Bewitchment and the Escort
 73465 | Zig:8    | Identified the ring of Jealousy {rF+ MP+9 Str+3} (You found it on level 7 of a ziggurat)
 73468 | Zig:9    | Entered Level 9 of a ziggurat
 73478 | Zig:9    | Noticed an ancient lich
 73492 | Zig:9    | Reached skill level 5 in Translocations
 73493 | Zig:9    | Killed an ancient lich
 73532 | Zig:9    | Got a bound crystal amulet
 73537 | Zig:9    | Identified the amulet of Moutsy {Reflect rC- Str+4 Dex+4 SH+6} (You found it on level 9 of a ziggurat)
 73547 | Zig:10   | Entered Level 10 of a ziggurat
 73621 | Zig:11   | Entered Level 11 of a ziggurat
 73703 | Zig:11   | Got a slimy bronze ring
 73709 | Zig:11   | Got a scorched battleaxe
 73710 | Zig:11   | Identified the +8 battleaxe of Governance {drain, Str+4 SInv} (You found it on level 11 of a ziggurat)
 73724 | Zig:12   | Entered Level 12 of a ziggurat
 73739 | Zig:12   | Reached skill level 5 in Maces & Flails
 73830 | Zig:12   | Found the cursed +13 scythe of Curses {drain, *Curse}
 73830 | Zig:12   | Found the +3 pair of gauntlets of War {Slay+5}
 73846 | Zig:12   | Got a fine silver amulet
 73889 | Zig:12   | Reached skill level 1 in Conjurations
 73899 | Zig:12   | Identified the ring "Huen" {Wiz rF++} (You found it on level 11 of a ziggurat)
 73900 | Zig:12   | Identified the amulet "Ecaq" {Gourm rPois rF+ Str-4 SInv} (You found it on level 12 of a ziggurat)
 73931 | Zig:13   | Entered Level 13 of a ziggurat
 73944 | Zig:13   | Noticed a greater mummy
 73998 | Zig:13   | Noticed a greater mummy
 73998 | Zig:13   | Noticed a greater mummy
 73998 | Zig:13   | Noticed a greater mummy
 74007 | Zig:13   | Killed a greater mummy
 74011 | Zig:13   | Killed a greater mummy
 74015 | Zig:13   | Killed a greater mummy
 74031 | Zig:13   | Killed a greater mummy
 74065 | Zig:13   | Got a pair of slimy boots
 74098 | Zig:13   | Identified the +2 pair of boots of Baldness {rPois Dex+6} (You found it on level 13 of a ziggurat)
 74101 | Zig:13   | Learned a level 1 spell: Summon Butterflies
 74148 | Zig:14   | Entered Level 14 of a ziggurat
 74194 | Zig:14   | Noticed an ancient lich
 74225 | Zig:14   | Killed an ancient lich
 74245 | Zig:14   | Reached skill level 1 in Earth Magic
 74256 | Zig:14   | Got a fine lajatang
 74269 | Zig:14   | Identified the Incunabulum of Toxins and Bewitchment
 74272 | Zig:14   | Identified Lehudib's Volume of Dusty Conjuration
 74280 | Zig:14   | Got a bloodstained buckler
 74302 | Zig:14   | Identified the +2 buckler "Femocedgh" {rF++} (You found it on level 14 of a ziggurat)
 74307 | Zig:14   | Identified the cursed +1 lajatang "Folegoeri" {venom, Fragile rElec MP+9} (You found it on level 14 of a ziggurat)
 74396 | Tomb:3   | Killed a greater mummy
 74404 | Tomb:3   | Killed an ancient lich
 74460 | Tomb:3   | Killed a greater mummy
 74498 | Tomb:3   | Killed a greater mummy
 74539 | Tomb:3   | Killed a greater mummy
 74545 | Tomb:3   | Killed a greater mummy
 74606 | Tomb:3   | Killed Khufu
 74606 | Tomb:3   | Reached skill level 10 in Maces & Flails
 74623 | Tomb:3   | Killed an ancient lich
 74750 | Tomb:3   | Got a glittering granite ring
 74911 | Tomb:3   | Identified the Compendium of Serendipity
 74926 | Tomb:3   | Got a warped ivory ring
 74927 | Tomb:3   | Identified the Guide on Quantum Intoxication
 74982 | Tomb:3   | Got a golden rune of Zot
 75023 | Tomb:3   | Got a warped plate armour
 75028 | Tomb:3   | Identified the +0 plate armour "Xoruagif" {rPois} (You found it on level 3 of the Tomb of the Ancients)
 75031 | Tomb:3   | Identified the ring "Amowergh" {EV+2 Int+4} (You found it on level 3 of the Tomb of the Ancients)
 75033 | Tomb:3   | Identified the ring "Zaqinipa" {MP+9 Str+2} (You found it on level 3 of the Tomb of the Ancients)
 75057 | Tomb:3   | Got a twisted scale mail
 75069 | Tomb:3   | Identified the cursed +0 scale mail of the Jabberwock {rPois rF+ Str-2} (You found it on level 3 of the Tomb of the Ancients)
 75666 | Zot:1    | Entered Level 1 of the Realm of Zot
 75676 | Depths:5 | Voluntarily entered the Abyss.
 76605 | Abyss:2  | Found a corrupted altar of Lugonu.
 77270 | Abyss:4  | Reached skill level 5 in Conjurations
 77626 | Abyss:5  | Entered Level 5 of the Abyss
 77771 | Abyss:5  | Got an abyssal rune of Zot
 77803 | Depths:5 | Escaped the Abyss
 79214 | Geh:3    | Gained mutation: Armour fits poorly on your strangely shaped body. [mutagenic glow]
 79273 | Geh:3    | Gained mutation: Your magical capacity is low. (-10% MP) [mutagenic glow]
 79655 | Geh:4    | Reached skill level 10 in Translocations
 80111 | Geh:4    | Reached skill level 10 in Summonings
 81156 | Geh:7    | Entered Level 7 of Gehenna
 82472 | Geh:7    | Got a steaming rapier
 82726 | Geh:7    | Noticed Asmodeus
 82739 | Geh:7    | Reached skill level 10 in Conjurations
 82765 | Geh:7    | Killed Asmodeus
 82791 | Geh:7    | Got an obsidian rune of Zot
 83035 | Tar:1    | Reached skill level 27 in Shields
 84813 | Tar:5    | Found a burning altar of Makhleb.
 86280 | Tar:7    | Lost mutation: You are partially covered in iridescent scales. (AC +2) [potion of mutation]
 86280 | Tar:7    | Lost mutation: Your body sometimes deteriorates upon taking damage. [potion of mutation]
 86280 | Tar:7    | Lost mutation: Armour fits poorly on your strangely shaped body. [potion of mutation]
 86280 | Tar:7    | Lost mutation: You are partially covered in thin metallic scales. (AC +2) [potion of mutation]
 86280 | Tar:7    | Gained mutation: You are clumsy. (Dex -2) [potion of mutation]
 86280 | Tar:7    | Gained mutation: Armour fits poorly on your strangely shaped body. [potion of mutation]
 86280 | Tar:7    | Lost mutation: You are clumsy. (Dex -2) [potion of mutation]
 86280 | Tar:7    | Gained mutation: You are resistant to electric shocks. (rElec) [potion of mutation]
 86281 | Tar:7    | Lost mutation: You are resistant to hostile enchantments. (MR+) [potion of mutation]
 86281 | Tar:7    | Lost mutation: Your magical capacity is low. (-10% MP) [potion of mutation]
 86281 | Tar:7    | Lost mutation: You expend magic power (3 MP) to strengthen your wands. [potion of mutation]
 86281 | Tar:7    | Gained mutation: You are partially covered in rugged brown scales. (AC +1, +3% HP) [potion of mutation]
 86281 | Tar:7    | Gained mutation: You have a pair of small antennae on your head. [potion of mutation]
 86282 | Tar:7    | Lost mutation: Armour fits poorly on your strangely shaped body. [potion of mutation]
 86282 | Tar:7    | Lost mutation: You are covered in thick fur. (AC +2) [potion of mutation]
 86282 | Tar:7    | Lost mutation: You have a pair of small antennae on your head. [potion of mutation]
 86282 | Tar:7    | Lost mutation: You are resistant to electric shocks. (rElec) [potion of mutation]
 86282 | Tar:7    | Gained mutation: You expend magic power (3 MP) to strengthen your wands. [potion of mutation]
 86282 | Tar:7    | Gained mutation: You are mostly covered in rugged brown scales. (AC +2, +5% HP) [potion of mutation]
 86282 | Tar:7    | Lost mutation: You are mostly covered in rugged brown scales. (AC +2, +5% HP) [potion of mutation]
 86282 | Tar:7    | Gained mutation: You can translocate small distances at will. [potion of mutation]
 86443 | Tar:7    | Killed Ereshkigal
 86473 | Tar:7    | Found the ring of Shadows {Umbra +Inv Stlth+}
 86483 | Tar:7    | Got a bone rune of Zot
 86703 | Tar:7    | Identified the Volume of Icy Intoxication
 88382 | Zot:2    | Found Aptoatzo's Changing Room.
 88853 | Zot:3    | Found a transporter.
 88986 | Zot:3    | Got an ichor-stained helmet
 88997 | Zot:3    | Identified the +5 helmet "Gulutod" {rC+ Int+4} (You found it on level 3 of the Realm of Zot)
 89089 | Zot:3    | Found a transporter.
 89324 | Zot:3    | Noticed an orb of fire
 89327 | Zot:3    | Noticed an ancient lich
 89352 | Zot:3    | Killed an orb of fire
 89362 | Zot:3    | Killed an ancient lich
 89467 | Zot:3    | Got an ancient lead ring
 89811 | Zot:4    | Noticed an orb of fire
 89815 | Zot:4    | Gained mutation: You are weak. (Str -2) [an orb of fire]
 89820 | Zot:4    | Killed an orb of fire
 89824 | Zot:4    | Reached skill level 27 in Dodging
 89880 | Zot:4    | Noticed an orb of fire
 89890 | Zot:4    | Killed an orb of fire
 89986 | Zot:4    | Got a translucent plate armour
 89997 | Zot:4    | Identified the +5 plate armour of Elyvilon's Reproof {rN+} (You acquired it on level 4 of the Realm of Zot)
 90413 | Zot:5    | Entered Level 5 of the Realm of Zot
 90621 | Zot:5    | Noticed an orb of fire
 90625 | Zot:5    | Gained mutation: You are very weak. (Str -4) [an orb of fire]
 90633 | Zot:5    | Gained mutation: You are frail. (-10% HP) [an orb of fire]
 90634 | Zot:5    | Gained mutation: Scrolls take you a little longer to read. [an orb of fire]
 90639 | Zot:5    | Killed an orb of fire
 90639 | Zot:5    | Reached skill level 15 in Translocations
 90691 | Zot:5    | Noticed an orb of fire
 90691 | Zot:5    | Noticed an ancient lich
 90697 | Zot:5    | Gained mutation: Your body sometimes deteriorates upon taking damage. [an orb of fire]
 90704 | Zot:5    | HP: 5/245 [orb of fire/bolt of fire (99)]
 90717 | Zot:5    | Killed from afar by an orb of fire

Skill      XL: |  1  2  3  4  5  6  7  8  9 10 11 12 13 14 15 16 17 18 19 20 21 22 23 24 25 26 27 |
---------------+----------------------------------------------------------------------------------+-----
Axes           | 3 5 6 8 10 11 13 15 16 18 19 20 22 23 24 25 26 27 | 27.0
Dodging        | 1 6 8 9 10 11 12 13 14 27 | 27.0
Armour         | 4 6 7 9 11 12 13 14 15 16 20 | 20.4
Fighting       | 3 4 5 6 7 9 11 12 13 14 15 16 17 19 22 24 27 | 27.0
Shields        | 4 5 6 7 8 9 10 12 27 | 27.0
Evocations     | 1 2 22 | 22.4
Stealth        | 1 6 9 11 12 14 16 17 18 19 20 21 22 23 27 | 27.0
Invocations    | 22 | 22.6
Translocations | 15 | 15.3
Spellcasting   | 19 | 19.4
Maces & Flails | 13 | 13.7
Summonings     | 13 | 13.8
Conjurations   | 12 | 12.9
Earth Magic    | 1 |  1.2
Throwing       | |  0.5
Unarmed Combat | |  0.6
Hexes          | |  0.6
Charms         | |  0.6
Transmutations | |  0.7
Fire Magic     | |  0.9
Ice Magic      | |  0.9
Air Magic      | |  0.4

Action                   |  1- 3 |  4- 6 |  7- 9 | 10-12 | 13-15 | 16-18 | 19-21 | 22-24 | 25-27 || total
-------------------------+-------+-------+-------+-------+-------+-------+-------+-------+-------++-------
Melee: War axe           |   131 |   206 |   575 |   754 |  1104 |  1436 |  1379 |  1475 |  8866 || 15926
       Headbutt          |       |       |       |   132 |   409 |   467 |   501 |   443 |  1530 ||  3482
       Broad axe         |       |       |       |       |       |       |       |       |  1183 ||  1183
 Cast: Blink             |       |       |       |       |       |       |       |       |     1 ||     1
Invok: Greater Servant o |       |       |       |       |       |       |       |       |     1 ||     1
 Abil: Heal Wounds       |     1 |     3 |     6 |     1 |       |       |     1 |     1 |    44 ||    57
       Evoke Blink       |       |       |       |       |       |       |       |       |     1 ||     1
Evoke: Wand              |       |     4 |     5 |    12 |       |    10 |     3 |     3 |    70 ||   107
       Figurine of a zig |       |       |       |       |       |       |       |       |     1 ||     1
  Use: Potion            |       |     3 |    11 |     2 |     8 |    11 |    13 |     6 |    56 ||   110
       Scroll            |       |    10 |     6 |     7 |    18 |    14 |    18 |    10 |    81 ||   164
 Stab: Paralysed         |       |       |     1 |     7 |       |     8 |       |       |       ||    16
       Sleeping          |       |       |       |     2 |    17 |    31 |    47 |    54 |   213 ||   364
       Distracted        |       |       |       |       |     2 |     9 |     6 |     7 |    95 ||   119
       Confused          |       |       |       |       |       |     5 |       |       |       ||     5
       Petrifying        |       |       |       |       |       |     1 |       |       |       ||     1
  Eat: Chunk             |     1 |     8 |     2 |     6 |    25 |    24 |    25 |    24 |    40 ||   155
       Ration            |       |       |     4 |     3 |     1 |     2 |       |     1 |    36 ||    47
Armor: Scale mail        |    70 |    67 |    51 |    58 |   287 |   326 |   319 |   291 |  1580 ||  3049
       Chain mail        |       |       |   185 |   176 |       |       |       |       |       ||   361
       Skin              |       |       |       |       |       |       |     7 |       |     1 ||     8
Dodge: Dodged            |    55 |    64 |   111 |   212 |   391 |   801 |   819 |   659 |  4233 ||  7345
Block: Shield            |    70 |   113 |   295 |   379 |   695 |   965 |  1036 |  1309 |  9024 || 13886
       Reflection        |       |       |       |       |       |       |    20 |    95 |   174 ||   289
       Large shield      |       |       |       |       |       |       |       |       |  1143 ||  1143
